| TOP OF THE 1ST |
|
Portland Sea Dogs batting - Pitching for Corpus Christi Hooks : RHP Andy Harrigan
|
|
Pitching: RHP Andy Harrigan
|
|
|
Batting: RHB Sal Rivera
|
0-0: Swinging Strike 0-1: Foul Ball, location: 2F 0-2: Ball 1-2: SINGLE (Line Drive, 78M, EV 111.9 MPH)
|
|
Batting: RHB Travis Campbell
|
0-0: Foul Ball, location: 2F 0-1: Foul Ball, location: 2F 0-2: Strikes out swinging
|
|
Batting: RHB Ernie Genier
|
0-0: Called Strike 0-1: Grounds into double play, 5-4-3 (Groundball, 56, EV 98.8 MPH)
|
| Top of the 1st over - 0 runs, 1 hit, 0 errors, 0 left on base; Portland 0 - Corpus Christi 0 |
| BOTTOM OF THE 1ST |
|
Corpus Christi Hooks batting - Pitching for Portland Sea Dogs : RHP Jose Escobar
|
|
Pitching: RHP Jose Escobar
|
|
|
Batting: LHB Glenn Lowther
|
0-0: Foul Ball, location: 2F 0-1: Called Strike 0-2: Fly out, F5 (Line Drive, 5L, EV 66.9 MPH)
|
|
Batting: RHB Kyle Davis
|
0-0: Ball 1-0: Called Strike 1-1: Swinging Strike 1-2: Strikes out swinging
|
|
Batting: LHB Bob Dietz
|
0-0: SINGLE (Line Drive, 9LS, EV 98.1 MPH)
|
|
Batting: RHB Duncan Collins
|
0-0: Swinging Strike 0-1: Fly out, F8 (Flyball, 8RM, EV 86.9 MPH)
|
| Bottom of the 1st over - 0 runs, 1 hit, 0 errors, 1 left on base; Portland 0 - Corpus Christi 0 |
| TOP OF THE 2ND |
|
Portland Sea Dogs batting - Pitching for Corpus Christi Hooks : RHP Andy Harrigan
|
|
Batting: RHB Alex Melendez
|
0-0: Called Strike 0-1: SINGLE (Groundball, 4MD, EV 101.2 MPH)
|
|
Batting: RHB Jim Hubbard
|
0-0: Ball 1-0: Grounds out, U3 (Groundball, 3L, EV 78.1 MPH)
|
|
Batting: LHB Keith Rice
|
0-0: Ball 1-0: Called Strike 1-1: Ball 2-1: Ground out 1-3 (Groundball, 25, EV 66.2 MPH)
|
|
Batting: RHB Mike Batko
|
0-0: Called Strike 0-1: Ball 1-1: Ball 2-1: Foul Ball, location: 2F 2-2: Foul Ball, location: 2F 2-2: Foul Ball, location: 2F 2-2: Ball 3-2: Strikes out swinging
|
| Top of the 2nd over - 0 runs, 1 hit, 0 errors, 1 left on base; Portland 0 - Corpus Christi 0 |
| BOTTOM OF THE 2ND |
|
Corpus Christi Hooks batting - Pitching for Portland Sea Dogs : RHP Jose Escobar
|
|
Batting: RHB Alex Campos
|
0-0: Called Strike 0-1: Ground out 5-3 (Groundball, 5, EV 82.5 MPH)
|
|
Batting: RHB Pat McCoy
|
0-0: Fly out, F8 (Flyball, 89M, EV 90.6 MPH)
|
|
Batting: RHB Sean Mounts
|
0-0: Called Strike 0-1: Ball 1-1: Foul Ball, location: 2F 1-2: Ball 2-2: Ground out U3 (Groundball, 34, EV 100.6 MPH)
|
| Bottom of the 2nd over - 0 runs, 0 hits, 0 errors, 0 left on base; Portland 0 - Corpus Christi 0 |
| TOP OF THE 3RD |
|
Portland Sea Dogs batting - Pitching for Corpus Christi Hooks : RHP Andy Harrigan
|
|
Batting: RHB Frank Sokolosky
|
0-0: Ball 1-0: Called Strike 1-1: Ball 2-1: Ball 3-1: Foul Ball, location: 2F 3-2: Foul Ball, location: 2F 3-2: Base on Balls
|
|
Batting: LHB Dave Reyes
|
0-0: Ball 1-0: Ball 2-0: Ball 3-0: Called Strike 3-1: Base on Balls Frank Sokolosky to second
|
|
Batting: RHB Sal Rivera
|
0-0: Called Strike 0-1: Foul Ball, location: 2F 0-2: Foul Ball, location: 2F 0-2: Foul Ball, location: 2F 0-2: Ball 1-2: Strikes out swinging
|
|
Batting: RHB Travis Campbell
|
0-0: Ball 1-0: Called Strike 1-1: Ball 2-1: Fly out, F8 (Flyball, 8RM, EV 86.2 MPH)
|
|
Batting: RHB Ernie Genier
|
0-0: Called Strike 0-1: Called Strike 0-2: Strikes out swinging
|
| Top of the 3rd over - 0 runs, 0 hits, 0 errors, 2 left on base; Portland 0 - Corpus Christi 0 |
| BOTTOM OF THE 3RD |
|
Corpus Christi Hooks batting - Pitching for Portland Sea Dogs : RHP Jose Escobar
|
|
Batting: RHB Kieron Clark
|
0-0: Called Strike 0-1: Foul Ball, location: 2F 0-2: Ball 1-2: Fly out, F9 (Flyball, 9D, EV 93.1 MPH)
|
|
Batting: RHB Oren Jones
|
0-0: Ball 1-0: Called Strike 1-1: Called Strike 1-2: Strikes out looking
|
|
Batting: LHB Glenn Lowther
|
0-0: Called Strike 0-1: Fly out, F6 (Popup, 4M, EV 73.1 MPH)
|
| Bottom of the 3rd over - 0 runs, 0 hits, 0 errors, 0 left on base; Portland 0 - Corpus Christi 0 |
| TOP OF THE 4TH |
|
Portland Sea Dogs batting - Pitching for Corpus Christi Hooks : RHP Andy Harrigan
|
|
Batting: RHB Alex Melendez
|
0-0: Called Strike 0-1: Swinging Strike 0-2: Ball 1-2: Fly out, F7 (Flyball, 7LS, EV 98.1 MPH)
|
|
Batting: RHB Jim Hubbard
|
0-0: Called Strike 0-1: Foul Ball, location: 2F 0-2: Ball 1-2: Ground out 4-3 (Groundball, 4MS, EV 90.6 MPH)
|
|
Batting: LHB Keith Rice
|
0-0: Ball 1-0: Swinging Strike 1-1: Swinging Strike 1-2: Ball 2-2: Ball 3-2: Base on Balls
|
|
Batting: RHB Mike Batko
|
0-0: Swinging Strike 0-1: Called Strike 0-2: Strikes out swinging
|
| Top of the 4th over - 0 runs, 0 hits, 0 errors, 1 left on base; Portland 0 - Corpus Christi 0 |
| BOTTOM OF THE 4TH |
|
Corpus Christi Hooks batting - Pitching for Portland Sea Dogs : RHP Jose Escobar
|
|
Batting: RHB Kyle Davis
|
0-0: Fly out, F4 (Popup, 4, EV 69.4 MPH)
|
|
Batting: LHB Bob Dietz
|
0-0: Ball 1-0: Ball 2-0: Swinging Strike 2-1: SINGLE (Groundball, 6MS, EV 65.6 MPH) (infield hit)
|
|
Batting: RHB Duncan Collins
|
0-0: Called Strike 0-1: Foul Ball, location: 2F 0-2: Ball 1-2: Ball Bob Dietz steals 2nd base 2-2: Hit by Pitch
|
|
Batting: RHB Alex Campos
|
0-0: Grounds into double play, 6-4-3 (Groundball, 56, EV 83.1 MPH)
|
| Bottom of the 4th over - 0 runs, 1 hit, 0 errors, 1 left on base; Portland 0 - Corpus Christi 0 |
| TOP OF THE 5TH |
|
Portland Sea Dogs batting - Pitching for Corpus Christi Hooks : RHP Andy Harrigan
|
|
Batting: RHB Frank Sokolosky
|
0-0: Called Strike 0-1: SINGLE (Line Drive, 34, EV 96.2 MPH)
|
|
Batting: LHB Dave Reyes
|
0-0: Ball 1-0: Swinging Strike 1-1: SINGLE (Groundball, 4MD, EV 106.9 MPH) Frank Sokolosky to second Runner from 2nd tries for 3rd, SAFE, throw by CF made to third
|
|
Batting: RHB Sal Rivera
|
0-0: Ball 1-0: Called Strike 1-1: Ball 2-1: Ball 3-1: Base on Balls Dave Reyes to second
|
|
Batting: RHB Travis Campbell
|
0-0: Ball 1-0: Ball 2-0: Ball 3-0: Base on Balls Frank Sokolosky scores Dave Reyes to third Sal Rivera to second
|
|
Batting: RHB Ernie Genier
|
0-0: Called Strike 0-1: Fly out, F8 (Line Drive, 8LM, EV 97.5 MPH) Runner from 3rd tags up, SCORES, no throw by CF
|
|
Batting: RHB Alex Melendez
|
0-0: Ball 1-0: SINGLE (Groundball, 56D, EV 101.2 MPH) Sal Rivera to third Travis Campbell to second Runner from 3rd tries for Home, SAFE, throw by LF to home
|
|
Batting: RHB Jim Hubbard
|
0-0: Ball 1-0: Foul Ball, location: 2F 1-1: Swinging Strike 1-2: Strikes out swinging
|
|
Batting: LHB Keith Rice
|
0-0: Called Strike 0-1: Called Strike 0-2: Ball 1-2: Strikes out swinging
|
| Top of the 5th over - 3 runs, 3 hits, 0 errors, 2 left on base; Portland 3 - Corpus Christi 0 |
| BOTTOM OF THE 5TH |
|
Corpus Christi Hooks batting - Pitching for Portland Sea Dogs : RHP Jose Escobar
|
|
Batting: RHB Pat McCoy
|
0-0: Ball 1-0: Called Strike 1-1: Called Strike 1-2: Strikes out looking
|
|
Batting: RHB Sean Mounts
|
0-0: Called Strike 0-1: Foul Ball, location: 2F 0-2: Foul Ball, location: 2F 0-2: Strikes out swinging
|
|
Batting: RHB Kieron Clark
|
0-0: Ball 1-0: Ball 2-0: Called Strike 2-1: Foul Ball, location: 2F 2-2: Ball 3-2: Strikes out swinging
|
| Bottom of the 5th over - 0 runs, 0 hits, 0 errors, 0 left on base; Portland 3 - Corpus Christi 0 |
| TOP OF THE 6TH |
|
Portland Sea Dogs batting - Pitching for Corpus Christi Hooks : RHP Andy Harrigan
|
|
Batting: RHB Mike Batko
|
0-0: Ball 1-0: Ground out 6-3 (Groundball, 56, EV 102.5 MPH)
|
|
Batting: RHB Frank Sokolosky
|
0-0: Ball 1-0: Called Strike 1-1: Foul Ball, location: 2F 1-2: Fly out, F7 (Flyball, 7, EV 85.0 MPH)
|
|
Batting: LHB Dave Reyes
|
0-0: Called Strike 0-1: Ball 1-1: Called Strike 1-2: Strikes out looking
|
| Top of the 6th over - 0 runs, 0 hits, 0 errors, 0 left on base; Portland 3 - Corpus Christi 0 |
| BOTTOM OF THE 6TH |
|
Corpus Christi Hooks batting - Pitching for Portland Sea Dogs : RHP Jose Escobar
|
|
Batting: RHB Oren Jones
|
0-0: Called Strike 0-1: Swinging Strike 0-2: Foul Ball, location: 2F 0-2: Foul Ball, location: 2F 0-2: Ball 1-2: Ball 2-2: Strikes out looking
|
|
Batting: LHB Glenn Lowther
|
0-0: Ball 1-0: Called Strike 1-1: Fly out, F6 (Line Drive, 6, EV 63.8 MPH)
|
|
Batting: RHB Kyle Davis
|
0-0: Called Strike 0-1: Foul Ball, location: 2F 0-2: Strikes out swinging
|
| Bottom of the 6th over - 0 runs, 0 hits, 0 errors, 0 left on base; Portland 3 - Corpus Christi 0 |
| TOP OF THE 7TH |
|
Portland Sea Dogs batting - Pitching for Corpus Christi Hooks : RHP Andy Harrigan
|
|
Pitching: RHP Alexander Hagan
|
|
|
Batting: RHB Sal Rivera
|
0-0: Ground out 4-3 (Groundball, 4M, EV 95.6 MPH)
|
|
Batting: RHB Travis Campbell
|
0-0: SINGLE (Flyball, 9LS, EV 90.6 MPH)
|
|
Batting: RHB Ernie Genier
|
0-0: Ball 1-0: Called Strike 1-1: Foul Ball, location: 2F 1-2: Strikes out swinging
|
|
Batting: RHB Alex Melendez
|
0-0: Ball 1-0: Called Strike 1-1: Called Strike Travis Campbell is caught stealing 2nd base 2-4
|
| Top of the 7th over - 0 runs, 1 hit, 0 errors, 0 left on base; Portland 3 - Corpus Christi 0 |
| BOTTOM OF THE 7TH |
|
Corpus Christi Hooks batting - Pitching for Portland Sea Dogs : RHP Jose Escobar
|
|
Batting: LHB Bob Dietz
|
0-0: Ball 1-0: Foul Ball, location: 2F 1-1: Ball 2-1: Swinging Strike 2-2: Foul Ball, location: 2F 2-2: Ball 3-2: Foul Ball, location: 2F 3-2: Foul Ball, location: 2F 3-2: SINGLE (Groundball, 13S, EV 71.9 MPH) (infield hit)
|
|
Batting: RHB Duncan Collins
|
0-0: Called Strike 0-1: Called Strike 0-2: Ball 1-2: Fly out, F9 (Flyball, 9, EV 72.5 MPH)
|
|
Batting: RHB Alex Campos
|
0-0: Swinging Strike 0-1: Foul Ball, location: 2F 0-2: Fielders Choice at 2nd, 1-6 (Groundball, 13S, EV 63.8 MPH)
|
|
Batting: RHB Pat McCoy
|
0-0: Called Strike 0-1: Foul Ball, location: 2F 0-2: Ground out 4-3 (Groundball, 4, EV 78.1 MPH)
|
| Bottom of the 7th over - 0 runs, 1 hit, 0 errors, 1 left on base; Portland 3 - Corpus Christi 0 |
| TOP OF THE 8TH |
|
Portland Sea Dogs batting - Pitching for Corpus Christi Hooks : RHP Alexander Hagan
|
|
Batting: RHB Alex Melendez
|
0-0: Ball 1-0: Ball 2-0: Swinging Strike 2-1: Ball 3-1: Base on Balls
|
|
Batting: RHB Jim Hubbard
|
0-0: Called Strike 0-1: Foul Ball, location: 2F 0-2: Ball 1-2: Ball 2-2: DOUBLE (Line Drive, 9LM, EV 100.0 MPH) Alex Melendez to third
|
|
Batting: LHB Keith Rice
|
0-0: Ball 1-0: Ball 2-0: Ground out 4-3 (Groundball, 4, EV 85.0 MPH)
|
|
Batting: RHB Mike Batko
|
0-0: Swinging Strike 0-1: Fly out, F4 (Popup, 23, EV 83.1 MPH)
|
|
Batting: RHB Frank Sokolosky
|
0-0: Ground out 1-3 (Groundball, 15S, EV 71.9 MPH)
|
| Top of the 8th over - 0 runs, 1 hit, 0 errors, 2 left on base; Portland 3 - Corpus Christi 0 |
| BOTTOM OF THE 8TH |
|
Corpus Christi Hooks batting - Pitching for Portland Sea Dogs : RHP Jose Escobar
|
|
Batting: RHB Sean Mounts
|
0-0: Ball 1-0: Called Strike 1-1: Ball 2-1: Ball 3-1: Bunt missed! 3-2: DOUBLE (Line Drive, 89D, EV 101.9 MPH)
|
|
Pitching: RHP Aaron Brannon
|
|
|
Batting: RHB Kieron Clark
|
0-0: Called Strike 0-1: Ball 1-1: Ground out 6-3 (Groundball, 56, EV 108.1 MPH)
|
|
Pinch Hitting: RHB Edgar Trejo
|
0-0: DOUBLE (Line Drive, 78M, EV 98.1 MPH) Sean Mounts scores
|
|
Batting: LHB Glenn Lowther
|
0-0: Called Strike 0-1: Ball 1-1: Foul Ball, location: 2F 1-2: Ball 2-2: Foul Ball, location: 2F 2-2: Foul Ball, location: 2F 2-2: Foul Ball, location: 2F 2-2: SINGLE (Groundball, 4MS, EV 73.8 MPH) (infield hit) Edgar Trejo to third
|
|
Batting: RHB Kyle Davis
|
0-0: Ball 1-0: Grounds into double play, 4-6-3 (Groundball, 4, EV 90.6 MPH)
|
| Bottom of the 8th over - 1 run, 3 hits, 0 errors, 1 left on base; Portland 3 - Corpus Christi 1 |
| TOP OF THE 9TH |
|
Portland Sea Dogs batting - Pitching for Corpus Christi Hooks : RHP Alexander Hagan
|
|
Now at SS: Edgar Trejo
|
|
|
Batting: LHB Dave Reyes
|
0-0: Ball 1-0: Ball 2-0: Called Strike 2-1: Ball 3-1: Fly out, F7 (Flyball, 78D, EV 99.4 MPH)
|
|
Batting: RHB Sal Rivera
|
0-0: Called Strike 0-1: Called Strike 0-2: Ball 1-2: Strikes out swinging
|
|
Batting: RHB Travis Campbell
|
0-0: Foul Ball, location: 2F 0-1: Ground out 5-3 (Groundball, 56S, EV 86.2 MPH)
|
| Top of the 9th over - 0 runs, 0 hits, 0 errors, 0 left on base; Portland 3 - Corpus Christi 1 |
| BOTTOM OF THE 9TH |
|
Corpus Christi Hooks batting - Pitching for Portland Sea Dogs : RHP Aaron Brannon
|
|
Pitching: RHP Cody Humphries
|
|
|
Batting: LHB Bob Dietz
|
0-0: Fly out, F5 (Popup, 5F, EV 71.2 MPH)
|
|
Batting: RHB Duncan Collins
|
0-0: Called Strike 0-1: Called Strike 0-2: Ball 1-2: Ball 2-2: SINGLE (Groundball, 34D, EV 98.1 MPH)
|
|
Batting: RHB Alex Campos
|
0-0: Foul Ball, location: 2F 0-1: Fly out, F8 (Flyball, 89M, EV 80.0 MPH)
|
|
Batting: RHB Pat McCoy
|
0-0: Ball 1-0: Called Strike 1-1: Ground out U3 (Groundball, 3, EV 92.5 MPH)
|
| Bottom of the 9th over - 0 runs, 1 hit, 0 errors, 1 left on base; Portland 3 - Corpus Christi 1 |
|